 Dungeon Crawl Stone Soup version 0.24.0-41-g2ae2f7f1be (webtiles) character file.

Game seed: 2163308370532862634, levelgen mode: deterministic

173207 Delamore the Executioner (level 18, -5/176 HPs)
             Began as a Hill Orc Fighter on Dec 15, 2019.
             Was the Champion of Okawaru.
             Slain by a spectral emperor scorpion (11 damage)
             ... on level 4 of the Spider Nest.
             The game lasted 00:51:58 (30709 turns).

Delamore the Executioner (Hill Orc Fighter)        Turns: 30709, Time: 00:51:59

Health: -5/176     AC: 35    Str: 25    XL:     18   Next: 4%
Magic:  26/26      EV: 15    Int: 11    God:    Okawaru [******]
Gold:   2903       SH:  4    Dex: 25    Spells: 17/17 levels left

rFire    + + .     SeeInvis +   n - +12 battleaxe of Oxogh {flame, rC++ rN++}
rCold    + + .     Gourm    .   (shield currently unavailable)
rNeg     + + +     Faith    .   p - +0 plate armour {MR+}
rPois    +         Spirit   .   z - +2 hat {SInv}
rElec    .         Reflect  +   V - +2 cloak
rCorr    .         Harm     .   w - +4 pair of gloves of Zygubiqu {*Slow rN+++ Dex+4}
MR       ++...                  C - +0 pair of boots of Twilight {Int+3 Dex+3 Stlth+}
Stlth    ..........             F - +4 amulet of reflection
HPRegen  0.39/turn              s - ring of Zatzib Tago {rF++ EV+2 Dex+4}
MPRegen  0.20/turn              J - ring of poison resistance

@: heroism, berserk cooldown, very slightly contaminated, slowed, studying 2
skills, very slow
A: hooves 2, agile 1, wild magic 1
a: Heroism, Finesse, Renounce Religion


You were on level 4 of the Spider Nest.
You worshipped Okawaru.
Okawaru was exalted by your worship.
You were not hungry.

You visited 5 branches of the dungeon, and saw 28 of its levels.
You visited the Abyss 1 time.
You also visited: Bailey.

You collected 3143 gold pieces.
You spent 240 gold pieces at shops.

Inventory:

Hand Weapons
 n - the +12 battleaxe of Oxogh (weapon) {flame, rC++ rN++}
   (Okawaru gifted it to you on level 5 of the Lair of Beasts)

   It has been specially enchanted to burn those struck by it, causing extra
   injury to most foes and up to half again as much damage against particularly
   susceptible opponents.
   Big, fiery blades are also staple armaments of hydra-hunters.
   It greatly protects you from cold.
   It greatly protects you from negative energy.
Missiles
 q - 2 silver javelins (quivered)
Armour
 p - a +0 plate armour of magic resistance (worn)
 w - the +4 pair of gloves of Zygubiqu (worn) {*Slow rN+++ Dex+4}
   (You acquired it on level 2 of the Lair of Beasts)

   It affects your dexterity (+4).
   It renders you almost immune to negative energy.
   It may slow you when you take damage.
 z - a +2 hat of see invisible (worn)
 C - the +0 pair of boots of Twilight (worn) {Int+3 Dex+3 Stlth+}
   (Okawaru gifted it to you on level 14 of the Dungeon)

   It affects your intelligence (+3).
   It affects your dexterity (+3).
   It makes you more stealthy.
 N - a scarf of cloud immunity
 V - a +2 cloak (worn)
Jewellery
 h - an uncursed amulet of faith
 k - an uncursed ring of positive energy
 s - the ring of Zatzib Tago (left hand) {rF++ EV+2 Dex+4}
   (You found it on level 2 of the Spider Nest)

   [ring of evasion]

   It affects your evasion (+2).
   It affects your dexterity (+4).
   It greatly protects you from fire.
 F - a +4 amulet of reflection (around neck)
 H - an uncursed ring of protection from cold
 J - a ring of poison resistance (right hand)
 K - an uncursed ring of resist corrosion
Wands
 c - a wand of disintegration (13)
 m - a wand of iceblast (15)
 o - a wand of enslavement (15)
 t - a wand of polymorph (17)
 B - a wand of digging (6)
 S - a wand of flame (25)
Scrolls
 b - a scroll of brand weapon
 e - 8 scrolls of teleportation
 g - 4 scrolls of fog
 i - 13 scrolls of remove curse
 j - a scroll of magic mapping
 l - 5 scrolls of enchant armour
 r - a scroll of blinking
 v - 3 scrolls of silence
 y - 5 scrolls of identify
 P - 3 scrolls of fear
 U - 2 scrolls of summoning
Potions
 a - 4 potions of mutation
 d - 3 potions of might
 u - 8 potions of curing
 x - a potion of resistance
 A - 2 potions of invisibility
 D - 2 potions of agility
 E - a potion of ambrosia
 I - 4 potions of flight
 Q - 3 potions of berserk rage
 R - 4 potions of cancellation
 Z - a potion of haste
Books
 T - a manual of Shields
 Y - a manual of Armour
Miscellaneous
 L - a phantom mirror
 M - a lightning rod (4/4)
 X - a lamp of fire
Comestibles
 f - 47 rations


   Skills:
 - Level 19.5(24.5) Fighting
 - Level 21.3(26.3) Axes
 - Level 19.0(24.0) Armour
 - Level 3.2(8.2) Shields
 + Level 11.9 Invocations
 + Level 9.3 Evocations


You had 17 spell levels left.
You didn't know any spells.
Your spell library contained the following spells:

 Spells                   Type           Power        Failure   Level  Hunger
 Beastly Appendage        Tmut           #.....       87%         1    ##.....
 Corona                   Hex            #......      87%         1    ##.....
 Flame Tongue             Conj/Fire      #....        87%         1    ##.....
 Freeze                   Ice            #...         87%         1    ##.....
 Magic Dart               Conj           #...         87%         1    ##.....
 Blink                    Tloc           N/A          95%         2    ###....
 Call Imp                 Summ           #.......     95%         2    ###....
 Slow                     Hex            #.......     95%         2    ###....
 Sticks to Snakes         Tmut           #.......     95%         2    ###....
 Throw Flame              Conj/Fire      #.....       95%         2    ###....
 Conjure Flame            Conj/Fire      #.......     99%         3    ####...
 Inner Flame              Hex/Fire       #.......     99%         3    ####...
 Mephitic Cloud           Conj/Pois/Air  #.......     99%         3    ####...
 Spider Form              Tmut/Pois      #.........   99%         3    ####...
 Cause Fear               Hex            #.........   100%        4    #####..
 Ice Form                 Ice/Tmut       #.......     100%        4    #####..
 Leda's Liquefaction      Hex/Erth       #.........   100%        4    #####..
 Sticky Flame             Conj/Fire      #.......     100%        4    #####..
 Blade Hands              Tmut           #.........   100%        5    ######.
 Fireball                 Conj/Fire      #.........   100%        5    ######.
 Irradiate                Conj/Tmut      #.........   100%        5    ######.
 Silence                  Hex/Air        #.........   100%        5    ######.
 Yara's Violent Unravell  Hex/Tmut       #.........   100%        5    ######.
 Deflect Missiles         Chrm/Air       #.........   100%        6    #######
 Hydra Form               Tmut           #.........   100%        6    #######
 Statue Form              Tmut/Erth      #........    100%        6    #######
 Dragon Form              Tmut           #.........   100%        7    #######
 Discord                  Hex            #.........   100%        8    #######


Dungeon Overview and Level Annotations

Branches:
Dungeon (15/15)            Temple (1/1) D:7            Lair (6/6) D:9
  Swamp (0/4) Lair:2       Spider (4/4) Lair:4        Slime (0/5) Lair:5
    Orc (2/2) D:11            Elf (0/3) Orc:2        Vaults (0/5) D:14
 Depths (0/5) D:15         Bailey (visited)

Altars:
Ashenzari
Cheibriados
Dithmenos
Elyvilon
Fedhas
Gozag
Hepliaklqana
Kikubaaqudgha
Makhleb
Nemelex Xobeh
Okawaru
Qazlal
Ru
Sif Muna
Trog
Uskayaw
Vehumet
Wu Jian
Xom
Yredelemnul
Zin
The Shining One
Jiyva

Shops:
D:12 *   Orc:2 [*!=


Innate Abilities, Weirdness & Mutations

You have hoof-like feet.
You are agile. (Dex +2)
Your spells are a little harder to cast, but a little more powerful.


Message History

The spectral emperor scorpion is heavily damaged.
The spectral emperor scorpion barely misses you.
The spectral emperor scorpion misses you. x2
You slash the spectral emperor scorpion!
You burn the spectral emperor scorpion.
The spectral emperor scorpion is severely damaged.
You are no longer berserk.
You are exhausted.
You feel as though you will be slow longer.
You slash the spectral emperor scorpion!
You burn the spectral emperor scorpion.
The spectral emperor scorpion is severely damaged.
The spectral emperor scorpion closely misses you. x2
The spectral emperor scorpion barely misses you.
You hit the spectral emperor scorpion. You burn the spectral emperor scorpion.
The spectral emperor scorpion is almost destroyed.
The death scarab is caught in a web!
The death scarab pulls away from the web.
The spectral emperor scorpion hits you!
You die...

...≈≈#≈≈..........≈≈≈≈....#
....≈≈≈.#..^#..†.≈≈≈#≈...^#
≈^....†^......≈≈≈≈≈≈≈^....#
≈#..........≈≈≈#≈≈≈......##
..###################...^.#
..#..^.#............#^....#
.^##..§.†........#..#.....#
†.#..^....^#^.sZ....#.#...#
.^#.s.##########@..≈#.††..#
.^#.ZZ# #..≈≈#≈≈...#
..#^Zs# ##≈†≈#≈≈≈..#
..#...'Z..... ###≈≈#≈≈#^.#
..#...sZ..... #≈†≈≈≈≈≈≈..#
..#...'...... #.†≈≈≈≈≈≈..#
.^#...'.....^ #.≈≈≈≈≈≈≈≈^#
..##^.'...... #≈≈###≈#≈≈^#
..#...#...... #≈≈≈≈#≈≈≈≈.#


You could see a spectral emperor scorpion and a death scarab.

Vanquished Creatures
  Jorgrun (Lair:4)
  An acid blob (Lair:6)
  Gastronok (Lair:2)
  Roxanne (Spider:1)
  2 azure jellies (Lair:6)
  A fire giant (D:13)
  5 emperor scorpions
  2 ghost moths
  A very ugly thing (Abyss:2)
  2 entropy weavers
  Azrael (Spider:1)
  A spark wasp (Spider:4)
  A death ooze (Lair:6)
  An ettin (D:15)
  2 great orbs of eyes (Lair:6)
  11 hydras
  An ice dragon (Lair:1)
  Erolcha (D:12)
  5 centaur warriors
  4 two-headed ogres
  2 dancing weapons (D:14)
  5 death scarabs (Spider:4)
  An ogre mage (D:13)
  A tengu warrior (D:15)
  4 death yaks (Lair:6)
  3 orc high priests (Orc:2)
  A thrashing horror (Abyss:2)
  A soul eater (Abyss:2)
  A spectral emperor scorpion (Spider:4)
  5 unseen horrors
  7 starcursed masses (Abyss:2)
  A spatial maelstrom (Abyss:2)
  7 orc knights
  5 wolf spider zombies
  10 orb spiders
  2 spectral wolf spiders (Spider:4)
  4 cyclopes (D:13)
  4 orc sorcerers (Orc:2)
  3 deep elf magi
  3 ugly things
  21 wolf spiders
  A fire giant zombie (Abyss:2)
  4 moths of wrath
  2 manticores
  A worldbinder (Abyss:2)
  A large abomination (Abyss:2)
  6 black mambas
  9 elephants
  A guardian serpent (shapeshifter) (D:14)
  Joseph (D:7)
  6 torpor snails
  2 smoke demons (Abyss:2)
  18 spiny frogs
  3 spectral redbacks (Spider:4)
  3 gargoyles
  A yaktaur (D:15)
  14 demonic crawlers
  A rime drake (shapeshifter) (D:15)
  2 rime drakes
  An efreet (Abyss:2)
  7 porcupines
  2 kobold demonologists
  6 komodo dragons
  2 tengu conjurers
  An ancient zyme (Abyss:2)
  2 polar bears
  6 tyrant leeches
  8 hornets
  A spectral jumping spider (Spider:4)
  6 trolls
  39 jumping spiders
  Grinder (D:3)
  A tarantella zombie (Spider:4)
  3 spectral tarantellas (Spider:4)
  21 blink frogs
  7 hippogriffs
  2 slime creatures (Lair:6)
  69 redbacks
  A shadow (D:14)
  33 tarantellas
  5 fire elementals (Lair:4)
  51 yaks
  3 wyverns
  A ynoxinul (Abyss:2)
  A chaos spawn (Abyss:2)
  5 basilisks
  3 hungry ghosts
  A steam dragon (D:11)
  10 vampire mosquitoes
  4 swamp worms (Lair:2)
  2 wargs (D:9)
  An acid dragon (D:14)
  2 hell hounds (Lair:4)
  2 hornet zombies (Spider:4)
  39 orc warriors
  A sky beast (D:10)
  21 water moccasins
  4 black bears
  6 spectral hornets (Spider:4)
  4 ice beasts
  2 eyes of draining
  2 phantoms
  3 necrophages
  15 ogres
  6 centaurs
  13 crocodiles
  28 bullfrogs
  2 wyvern zombies
  A gnoll sergeant (D:4)
  3 wyvern skeletons
  2 small abominations (Abyss:2)
  5 scorpions
  5 killer bees (D:11)
  13 wights
  2 howler monkeys
  3 electric eels
  2 bullfrog zombies
  2 centaur zombies
  4 crimson imps
  10 jellies
  19 orc priests
  A bullfrog skeleton (D:10)
  6 centaur skeletons
  8 hounds
  Jessica (D:3)
  32 orc wizards
  An iguana (D:11)
  4 worker ants
  A howler monkey skeleton (D:11)
  16 adders
  3 gnolls (D:4)
  3 shadow imps
  A white imp (Abyss:2)
  9 oozes
  An adder zombie (D:6)
  4 worms
  A dart slug (D:1)
  9 leopard geckos
  102 orcs
  2 ball pythons
  7 giant cockroaches
  7 goblins
  6 hobgoblins
  9 jackals
  7 quokkas
  A ball python skeleton (D:4)
  6 bats
  6 frilled lizards
  10 kobolds
  2 leopard gecko zombies
  2 quokka skeletons
  4 rats
  4 fungi
  5 plants
1020 creatures vanquished.

Vanquished Creatures (collateral kills)
  Sonja (Lair:1)
1 creature vanquished.

Vanquished Creatures (others)
  4 orc warriors
  An orc wizard (D:4)
  3 orcs (Bailey)
  A bush (Lair:6)
  15 fungi (Lair:6)
  31 plants (Lair:6)
55 creatures vanquished.

Grand Total: 1076 creatures vanquished

Notes
Turn   | Place    | Note
-------+----------+-------------------------------------------
     0 | D:1      | Delamore the Hill Orc Fighter began the quest for the Orb.
     0 | D:1      | Reached XP level 1. HP: 19/19 MP: 1/1
    39 | D:1      | Reached skill level 3 in Axes
   116 | D:1      | Reached XP level 2. HP: 20/26 MP: 2/2
   424 | D:1      | Reached skill level 4 in Axes
   556 | D:2      | Reached XP level 3. HP: 20/31 MP: 3/3
   822 | D:2      | Reached skill level 5 in Axes
  1004 | D:2      | Found a shimmering altar of Xom.
  1210 | D:2      | Reached XP level 4. HP: 39/39 MP: 4/4
  1548 | D:2      | Found a burning altar of Makhleb.
  1621 | D:2      | Reached skill level 6 in Axes
  1819 | D:3      | Reached XP level 5. HP: 41/45 MP: 5/5
  1846 | D:3      | Found a white marble altar of Elyvilon.
  1846 | D:3      | Noticed Jessica
  1851 | D:3      | Killed Jessica
  1851 | D:3      | Reached skill level 7 in Axes
  1946 | D:3      | Found a bloodstained altar of Trog.
  1948 | D:3      | Found a glowing silver altar of Zin.
  2021 | D:3      | Noticed Grinder
  2039 | D:3      | Killed Grinder
  2039 | D:3      | Reached skill level 9 in Axes
  2039 | D:3      | Reached XP level 6. HP: 24/51 MP: 6/6
  2496 | D:3      | Found a sparkling altar of Nemelex Xobeh.
  2498 | D:3      | Found a shadowy altar of Dithmenos.
  2750 | D:4      | Found an ancient bone altar of Kikubaaqudgha.
  2841 | D:4      | Reached XP level 7. HP: 57/57 MP: 7/7
  2929 | D:4      | Reached skill level 10 in Axes
  3552 | D:5      | Entered Level 5 of the Dungeon
  3763 | D:5      | Reached skill level 11 in Axes
  4061 | D:5      | Reached XP level 8. HP: 60/64 MP: 8/8
  4549 | D:6      | Reached skill level 12 in Axes
  4941 | D:6      | Reached skill level 13 in Axes
  5424 | D:6      | Reached skill level 14 in Axes
  5424 | D:6      | Reached XP level 9. HP: 69/70 MP: 9/9
  5792 | D:7      | Noticed Joseph
  5801 | D:7      | Killed Joseph
  5801 | D:7      | Reached skill level 15 in Axes
  5887 | D:7      | Found a staircase to the Ecumenical Temple.
  5895 | Temple   | Entered the Ecumenical Temple
  6116 | Temple   | Became a worshipper of Warmaster Okawaru
  6293 | D:8      | Gained mutation: You are partially covered in yellow
                  | scales. (AC +2) [potion of mutation]
  6293 | D:8      | Gained mutation: You have a beak for a mouth. [potion of
                  | mutation]
  6298 | D:8      | Lost mutation: You are partially covered in yellow scales.
                  | (AC +2) [potion of mutation]
  6298 | D:8      | Lost mutation: You have a beak for a mouth. [potion of
                  | mutation]
  6298 | D:8      | Gained mutation: Your muscles are strong. (Str +2) [potion
                  | of mutation]
  6298 | D:8      | Gained mutation: You have a pair of small horns on your
                  | head. [potion of mutation]
  6298 | D:8      | Gained mutation: You are somewhat resistant to further
                  | mutation. [potion of mutation]
  6305 | D:8      | Lost mutation: You have a pair of small horns on your head.
                  | [potion of mutation]
  6305 | D:8      | Lost mutation: Your muscles are strong. (Str +2) [potion of
                  | mutation]
  6305 | D:8      | Gained mutation: You have a pair of small antennae on your
                  | head. [potion of mutation]
  6363 | D:8      | Reached skill level 16 in Axes
  6758 | D:8      | Reached * piety under Okawaru
  7063 | D:8      | Found an ornate altar of the Wu Jian Council.
  7499 | D:8      | Reached XP level 10. HP: 77/77 MP: 10/10
  7634 | D:8      | Reached skill level 17 in Axes
  7790 | D:8      | Found a sacrificial altar of Ru.
  8169 | D:9      | Reached skill level 5 in Fighting
  8201 | D:9      | Reached ** piety under Okawaru
  8306 | D:9      | Found a stormy altar of Qazlal.
  8307 | D:9      | Found a radiant altar of Vehumet.
  8308 | D:9      | Found a blossoming altar of Fedhas.
  8508 | D:9      | Found a staircase to the Lair.
  8761 | D:9      | Noticed a two-headed ogre
  8770 | D:9      | Killed a two-headed ogre
  8770 | D:9      | Reached *** piety under Okawaru
  9337 | D:10     | Entered Level 10 of the Dungeon
  9338 | D:10     | Noticed a manticore
  9350 | D:10     | Killed a manticore
  9474 | D:10     | Reached XP level 11. HP: 66/96 MP: 11/11
  9688 | D:10     | Lost mutation: You have a pair of small antennae on your
                  | head. [potion of mutation]
  9688 | D:10     | Lost mutation: You are somewhat resistant to further
                  | mutation. [potion of mutation]
  9688 | D:10     | Gained mutation: You are resistant to electric shocks.
                  | (rElec) [potion of mutation]
  9688 | D:10     | Gained mutation: You do not regenerate when monsters are
                  | visible. [potion of mutation]
  9688 | D:10     | Gained mutation: Your system is resistant to poisons.
                  | (rPois) [potion of mutation]
  9702 | D:10     | Noticed an unseen horror
  9722 | D:10     | Killed an unseen horror
  9722 | D:10     | Reached **** piety under Okawaru
  9722 | D:10     | Reached skill level 10 in Fighting
  9786 | D:10     | Found a bloodstained altar of Trog.
  9956 | D:10     | Received a gift from Okawaru
  9978 | D:10     | Reached skill level 5 in Armour
 10330 | D:10     | Got a jewelled trident
 10331 | D:10     | Identified the +11 trident of Victory {drain, rF+} (You
                  | found it on level 10 of the Dungeon)
 10441 | Lair:1   | Entered Level 1 of the Lair of Beasts
 10536 | Lair:1   | Noticed Sonja
 10568 | Lair:1   | Reached skill level 18 in Axes
 10687 | Lair:1   | Killed Sonja
 10687 | Lair:1   | Reached ***** piety under Okawaru
 11215 | Lair:1   | Noticed an ice dragon
 11232 | Lair:1   | Killed an ice dragon
 11232 | Lair:1   | Received a gift from Okawaru
 11232 | Lair:1   | Reached skill level 19 in Axes
 11837 | Lair:2   | Found a staircase to the Swamp.
 11871 | Lair:2   | HP: 1/101 [swamp worm (10)]
 11873 | Lair:2   | Identified a scroll of acquirement
 12297 | Lair:2   | Got a pair of spiked gloves
 12308 | Lair:2   | Identified the +4 pair of gloves of Zygubiqu {*Slow rN+++
                  | Dex+4} (You acquired it on level 2 of the Lair of Beasts)
 12340 | Lair:2   | Reached XP level 12. HP: 81/107 MP: 12/12
 12640 | Lair:2   | Reached skill level 20 in Axes
 12793 | Lair:2   | Lost mutation: Your system is resistant to poisons. (rPois)
                  | [potion of mutation]
 12793 | Lair:2   | Lost mutation: You are resistant to electric shocks.
                  | (rElec) [potion of mutation]
 12793 | Lair:2   | Gained mutation: You expend magic power (3 MP) to
                  | strengthen your wands. [potion of mutation]
 12793 | Lair:2   | Gained mutation: You are robust. (+10% HP) [potion of
                  | mutation]
 12896 | Lair:2   | Noticed Gastronok
 12925 | Lair:2   | Killed Gastronok
 13291 | Lair:2   | Reached skill level 21 in Axes
 13829 | Lair:3   | Lost mutation: You are robust. (+10% HP) [potion of
                  | mutation]
 13829 | Lair:3   | Lost mutation: You expend magic power (3 MP) to strengthen
                  | your wands. [potion of mutation]
 13829 | Lair:3   | Lost mutation: You do not regenerate when monsters are
                  | visible. [potion of mutation]
 13829 | Lair:3   | Gained mutation: You have large cloven feet. [potion of
                  | mutation]
 13829 | Lair:3   | Gained mutation: You are agile. (Dex +2) [potion of
                  | mutation]
 13829 | Lair:3   | Gained mutation: Your spells are a little harder to cast,
                  | but a little more powerful. [potion of mutation]
 13829 | Lair:3   | Gained mutation: You have hoof-like feet. [potion of
                  | mutation]
 13859 | Lair:3   | Noticed a four-headed hydra
 13866 | Lair:3   | Killed a four-headed hydra
 13941 | Lair:3   | Received a gift from Okawaru
 14653 | Lair:4   | Reached XP level 13. HP: 116/116 MP: 13/13
 14784 | Lair:4   | Got a pair of shimmering gloves
 14795 | Lair:4   | Identified the +0 pair of gloves of Juamm {+Fly Slay-5
                  | SInv} (You found it on level 4 of the Lair of Beasts)
 15251 | Lair:4   | Found a hole to the Spider Nest.
 15532 | Lair:5   | Reached ****** piety under Okawaru
 15860 | Lair:5   | Received a gift from Okawaru
 15863 | Lair:5   | Got a fine battleaxe {god gift}
 15870 | Lair:5   | Identified the +12 battleaxe of Oxogh {flame, rC++ rN++}
                  | (Okawaru gifted it to you on level 5 of the Lair of Beasts)
 15910 | Lair:5   | Found a staircase to the Slime Pits.
 16312 | Lair:5   | Got a heavily runed chain mail
 16323 | Lair:5   | Identified the +0 chain mail of Howucuteny {rC- rN+ Str+3}
                  | (You acquired it on level 5 of the Lair of Beasts)
 16537 | Lair:6   | Entered Level 6 of the Lair of Beasts
 16539 | Lair:6   | Reached skill level 10 in Armour
 16603 | Lair:5   | Received a gift from Okawaru
 16847 | Lair:6   | Reached XP level 14. HP: 130/132 MP: 14/14
 16862 | Lair:6   | Received a gift from Okawaru
 17191 | Lair:6   | Found the +4 moon troll leather armour {Spirit, Regen++
                  | MP+5}
 17529 | Lair:6   | Received a gift from Okawaru
 17552 | Lair:6   | Reached skill level 15 in Fighting
 18198 | Lair:6   | Noticed an azure jelly
 18198 | Lair:6   | Noticed an acid blob
 18203 | Lair:6   | Killed an acid blob
 18214 | Lair:6   | Noticed an azure jelly
 18214 | Lair:6   | Killed an azure jelly
 18224 | Lair:6   | Killed an azure jelly
 18226 | Lair:6   | Found a viscous altar of Jiyva.
 18669 | D:11     | Found a staircase to the Orcish Mines.
 19584 | D:12     | Received a gift from Okawaru
 19604 | D:12     | Found Plog's Assorted Antiques.
 19619 | D:12     | Bought a potion of mutation for 240 gold pieces
 19724 | D:12     | Noticed Erolcha
 19733 | D:12     | Cast into level 2 of the Abyss (Erolcha)
 19771 | Abyss:2  | Noticed a lorocyproca
 19888 | Abyss:2  | Reached XP level 15. HP: 114/145 MP: 11/15
 19976 | Abyss:2  | Found a corrupted altar of Lugonu.
 20005 | Abyss:2  | Paralysed by accursed screaming for 1 turns
 20031 | Abyss:2  | Got a pitted ring mail
 20039 | D:12     | Escaped the Abyss
 20047 | D:12     | Killed Erolcha
 20099 | D:12     | Found a flagged portal.
 20106 | Bailey   | Entered a bailey
 20954 | Bailey   | Identified the cursed +0 ring mail of Kleptomania {rC+}
                  | (You found it on level 2 of the Abyss)
 21250 | D:12     | Received a gift from Okawaru
 21766 | D:13     | Found a runed translucent door.
 21766 | D:13     | Noticed a fire giant
 21767 | D:13     | Identified the +3 scimitar "Paviala" {flame, Str+4 Int+8
                  | Stlth+}
 22025 | D:13     | Reached skill level 15 in Armour
 22443 | D:13     | Killed a fire giant
 22463 | D:13     | Identified Dokos's Disquisition on the Enchanting
                  | Snowflakes
 22697 | D:14     | Received a gift from Okawaru
 22700 | D:14     | Got a pair of bloodstained boots {god gift}
 22711 | D:14     | Identified the +0 pair of boots of Twilight {Int+3 Dex+3
                  | Stlth+} (Okawaru gifted it to you on level 14 of the
                  | Dungeon)
 22742 | D:14     | Found a gate to the Vaults.
 23205 | D:14     | Reached XP level 16. HP: 157/157 MP: 16/16
 23477 | D:15     | Entered Level 15 of the Dungeon
 23715 | D:15     | Found a radiant altar of Vehumet.
 23756 | D:15     | Found a staircase to the Depths.
 24460 | Orc:1    | Entered Level 1 of the Orcish Mines
 24945 | Orc:2    | Entered Level 2 of the Orcish Mines
 24983 | Orc:2    | Found a staircase to the Elven Halls.
 25211 | Orc:2    | Found Reqasugh's Antique Armour Emporium.
 25256 | Orc:2    | Found Notowoibb's Distillery.
 25258 | Orc:2    | Received a gift from Okawaru
 25659 | Orc:2    | Found Turaw's Jewellery Boutique.
 25661 | Orc:2    | Found Qiesull's General Store.
 26264 | Spider:1 | Entered Level 1 of the Spider Nest
 26267 | Spider:1 | Noticed Azrael
 26267 | Spider:1 | Noticed Jorgrun
 26618 | Lair:4   | Killed Jorgrun
 26791 | Spider:1 | Killed Azrael
 26795 | Spider:1 | Noticed Roxanne
 27193 | Spider:1 | Killed Roxanne
 27600 | Spider:1 | Received a gift from Okawaru
 27631 | Spider:1 | Reached skill level 1 in Invocations
 27662 | Spider:1 | Reached skill level 1 in Evocations
 28123 | Spider:2 | Got a slimy turquoise ring
 28326 | Spider:2 | Reached skill level 5 in Invocations
 28326 | Spider:2 | Reached XP level 17. HP: 168/168 MP: 20/20
 28328 | Spider:2 | Identified the ring of Zatzib Tago {rF++ EV+2 Dex+4} (You
                  | found it on level 2 of the Spider Nest)
 28482 | Spider:2 | Reached skill level 5 in Evocations
 29037 | Spider:3 | Received a gift from Okawaru
 29818 | Spider:4 | Entered Level 4 of the Spider Nest
 29897 | Spider:4 | Received a gift from Okawaru
 29908 | Spider:4 | Got a spiked animal skin {god gift}
 29915 | Spider:4 | Identified the +2 animal skin of Jopt {rF+} (Okawaru gifted
                  | it to you on level 4 of the Spider Nest)
 29970 | Spider:4 | Reached skill level 10 in Invocations
 30687 | Spider:4 | Reached XP level 18. HP: 49/176 MP: 23/26
 30688 | Spider:4 | HP: 5/176 [spectral hornet (6)]
 30694 | Spider:4 | HP: 8/176 [death scarab (1)]
 30701 | Spider:4 | HP: 6/264 [spectral wolf spider (4)]
 30709 | Spider:4 | Slain by a spectral emperor scorpion

Levels and vault maps discovered:
D:1:      enne_arrival_octagon_isle, layout_loops_cross, minmay_tetromino_t4
D:2:      minmay_chambers_of_twos, layout_basic, lightli_temple_of_fire,
          xom_butterflies, uniq_crazy_yiuf_cottage
D:3:      layout_rooms, nicolae_overflow_hidden_temple, elyvilon_altar_5,
          hex_large, uniq_jessica, uniq_grinder
D:4:      layout_loops_ring, kiku_gazebo_garden_becter,
          minmay_tree_intersection, lightli_minifort
D:5:      layout_loops_ring, first_ration, kennysheep_potato
D:6:      layout_gridville
D:7:      layout_rooms, temple_statues, uniq_joseph
D:8:      layout_layer_cave, lemuel_crystal_altar, nicolae_ru_path_of_blood
D:9:      layout_loops_corners, grunt_temple_overflow_open,
          erik_lair_orcish_takeover
D:10:     layout_grid_maze, basic_altar
D:11:     layout_basic, david_orc_3
D:12:     layout_loops_ring, enter_bailey_3, serial_shops, shop_statue,
          grunt_tengu_nest, uniq_erolcha
D:13:     layout_small_grid, special_room [special_room_orc], minmay_st_funbox,
          hangedman_abyss_or_decor_jellyfish_corner, grunt_decor_cap
D:14:     minmay_razor_zed, layout_small_grid, erik_vaults_1,
          minmay_misc_feat_room
D:15:     hangedman_depths_entry_civil_slaughter, layout_grid_maze,
          abandoned_shop, basic_altar
Temple:   jpeg_temple_alley_garden
Lair:1:   dragon1_lemuel, layout_chaotic_city, uniq_sonja
Lair:2:   layout_chaotic_city, minmay_swamp_entry_worms,
          cheibrodos_lair_reptile_den, uniq_gastronok
Lair:3:   layout_roguey, serial_bayou_ford_a
Lair:4:   layout_long_grid, spider_nest_entry_funnel_web,
          gammafunk_lair_bear_cave, grunt_megastairs_4
Lair:5:   layout_cave_pods, slime_dummy
Lair:6:   minmay_lair_end_frog_pond, layout_misc_corridors, special_room
          [special_room_jelly], chequers_serial_rivers_micro_d,
          lemuel_fruit_tree
Spider:1: layout_spider_delve, hangedman_spider_tarantella_strand, uniq_azrael,
          uniq_jorgrun, uniq_roxanne
Spider:2: layout_spider_delve
Spider:3: layout_spider_delve, nicolae_spider_webbed_stairs
Spider:4: floodkiller_spider_rune_tomb
Orc:1:    layout_caves
Orc:2:    st_orc_elflike, layout_diamond_mine

Skill      XL: |  1  2  3  4  5  6  7  8  9 10 11 12 13 14 15 16 17 |
---------------+----------------------------------------------------+-----
Axes           | 3 4 5 6 9 11 14 16 17 19 21 | 21.3
Fighting       | 9 10 11 14 16 18 19 | 19.5
Armour         | 5 7 10 13 16 19 | 19.0
Invocations    | 5 11 | 11.9
Evocations     | 3 9 |  9.3
Shields        | |  3.2

Action                   |  1- 3 |  4- 6 |  7- 9 | 10-12 | 13-15 | 16-18 || total
-------------------------+-------+-------+-------+-------+-------+-------++-------
Melee: War axe           |    61 |   144 |   375 |       |       |       ||   580
       Hand axe          |       |       |    21 |   500 |   158 |       ||   679
       Trident           |       |       |       |   165 |    11 |       ||   176
       Battleaxe         |       |       |       |       |   671 |   703 ||  1374
Throw: Dart              |       |       |       |    14 |    17 |       ||    31
       Javelin           |       |       |       |       |     9 |       ||     9
Invok: Heroism           |       |       |       |     1 |     1 |     3 ||     5
       Finesse           |       |       |       |       |     1 |       ||     1
Evoke: Wand              |       |     5 |     2 |     7 |       |     2 ||    16
       Lightning rod     |       |       |       |     3 |       |     1 ||     4
       Lamp of fire      |       |       |       |       |       |     1 ||     1
  Use: Potion            |       |       |     7 |     5 |       |     2 ||    14
       Scroll            |       |       |    10 |    10 |    12 |     8 ||    40
 Stab: Distracted        |       |       |       |       |     2 |       ||     2
       Held in net/web   |       |       |       |       |       |     1 ||     1
  Eat: Chunk             |     1 |     5 |    15 |    14 |    27 |    18 ||    80
       Ration            |       |       |       |     4 |       |     2 ||     6
Armor: Scale mail        |    40 |    68 |   122 |       |       |       ||   230
       Skin              |       |       |     3 |       |       |       ||     3
       Plate armour      |       |       |    26 |   271 |   562 |   664 ||  1523
Dodge: Dodged            |    21 |    42 |    82 |    78 |   237 |   362 ||   822
Block: Shield            |    36 |    76 |   168 |   347 |    82 |       ||   709
       Reflection        |       |       |     1 |    19 |    27 |     5 ||    52
       Other             |       |       |       |       |   103 |   145 ||   248
